 Dungeon Crawl Stone Soup version 0.26-a0-778-g3fe0686644 (webtiles) character file.

Game seed: 15482707284715037083

20048 strifetoe the Apostle (level 12, 0/104 HPs)
             Began as a Hill Orc Fighter on Nov 11, 2020.
             Was a High Priest of Beogh.
             Slain by a manticore (18 damage)
             ... on level 12 of the Dungeon.
             The game lasted 00:20:01 (11944 turns).

strifetoe the Apostle (Hill Orc Fighter)           Turns: 11944, Time: 00:20:02

Health: 0/104      AC: 20    Str: 32    XL:     12   Next: 75%
Magic:  24/24      EV:  8    Int: 11    God:    Beogh [*****.]
Gold:   664        SH: 17    Dex: 20    Spells: 11/11 levels left

rFire    x . .     SeeInvis +   L - +0 broad axe
rCold    + . .     Faith    .   k - +0 tower shield of Udiang {rPois Int-2 Dex+4 Stlth+}
rNeg     + + +     Spirit   .   d - +0 chain mail
rPois    +         Reflect  .   g - +2 helmet {Int+3}
rElec    .         Harm     .   j - +0 cloak
rCorr    .         Rampage  .   I - +2 pair of gloves {Dex+3}
MR       .....                  p - +0 pair of boots of Wasted Space {rC+ SInv}
Stlth    +.........             D - amulet of Compassion {Regen+ Str+4 Int+2 Dex+3}
HPRegen  0.67/turn              m - +4 ring of evasion
MPRegen  0.19/turn              s - ring of Kazaiv {rPois rF- rN+++ Str+4 Stlth+}

@: no status effects
A: walk on water
a: Smiting, Recall Orcish Followers, Give Item to Named Follower, Renounce
Religion


You were on level 12 of the Dungeon.
You worshipped Beogh.
Beogh was extremely pleased with you.
You visited 1 branch of the dungeon, and saw 12 of its levels.
You also visited: Ossuary and Ice Cave.

You collected 1234 gold pieces.
You spent 570 gold pieces at shops.

Inventory:

Hand Weapons
 a - a +1 war axe
 b - a +2 battleaxe of freezing
 F - a +1 morningstar
 L - a +0 broad axe (weapon)
 N - a +1 battleaxe of freezing
 O - the +4 mace of Past Mistakes {vorpal, rN+ MR+, unknown}
   (You found it in an ice cave)

   It inflicts extra damage upon your enemies.
   It protects you from negative energy.
   It affects your resistance to hostile enchantments.
Missiles
 x - 4 silver javelins (quivered)
Armour
 c - a +0 kite shield
 d - a +0 chain mail (worn)
 g - a +2 helmet of intelligence (worn)
 j - a +0 cloak (worn)
 k - the +0 tower shield of Udiang (worn) {rPois Int-2 Dex+4 Stlth+}
   (You bought it in a shop on level 5 of the Dungeon)

   It affects your intelligence (-2).
   It affects your dexterity (+4).
   It protects you from poison.
   It makes you more stealthy.
 p - the +0 pair of boots of Wasted Space (worn) {rC+ SInv}
   (You found it on level 11 of the Dungeon)

   It protects you from cold.
   It lets you see invisible.
 I - a +2 pair of gloves of dexterity (worn)
 P - a +2 animal skin of cold resistance
Jewellery
 e - an uncursed amulet of the acrobat
 m - a +4 ring of evasion (left hand)
 s - the ring of Kazaiv (right hand) {rPois rF- rN+++ Str+4 Stlth+}
   (You acquired it on level 8 of the Dungeon)

   [ring of stealth]

   It affects your strength (+4).
   It makes you vulnerable to fire.
   It protects you from poison.
   It renders you almost immune to negative energy.
   It makes you more stealthy.
 D - the amulet of Compassion (around neck) {Regen+ Str+4 Int+2 Dex+3}
   (You found it on level 7 of the Dungeon)

   [amulet of regeneration]

   It affects your strength (+4).
   It affects your intelligence (+2).
   It affects your dexterity (+3).
   It increases your rate of regeneration.
 M - an uncursed ring of fire {unknown}
Wands
 h - a wand of enslavement (18)
 n - a wand of random effects (17)
 v - a wand of flame (20)
 z - a wand of acid (1)
 J - a wand of disintegration (5)
Scrolls
 f - 8 scrolls of identify
 i - 2 scrolls of fear
 r - a scroll of vulnerability {unknown}
 u - a scroll of enchant weapon
 w - 7 scrolls of teleportation
 y - 3 scrolls of enchant armour
 A - 3 scrolls of remove curse
 H - a scroll of blinking
 K - a scroll of fog
Potions
 l - 2 potions of brilliance
 o - 3 potions of haste
 q - 7 potions of mutation
 t - 3 potions of cancellation
 B - a potion of flight {unknown}
 C - 2 potions of curing
 E - a potion of attraction
 G - a potion of resistance


   Skills:
 - Level 9.0 Fighting
 + Level 14.5 Axes
 + Level 8.1 Armour
 - Level 3.2 Shields
 - Level 17.4 Invocations


You had 11 spell levels left.
You didn't know any spells.
Your spell library contained the following spells:

 Spells                   Type           Power        Failure   Level
 Animate Skeleton         Necr           #.....       100%        1
 Apportation              Tloc           #.....       100%        1
 Corona                   Hex            #......      100%        1
 Summon Small Mammal      Summ           #...         100%        1
 Confusing Touch          Hex            #.......     100%        3
 Gell's Gravitas          Tloc           #.........   100%        3
 Ice Form                 Ice/Tmut       #.......     100%        4
 Petrify                  Tmut/Erth      #.......     100%        4
 Metabolic Englaciation   Hex/Ice        #.........   100%        5
 Yara's Violent Unravell  Hex/Tmut       #.........   100%        5
 Freezing Cloud           Conj/Ice/Air   #.........   100%        6
 Ozocubu's Refrigeration  Ice            #.........   100%        6
 Simulacrum               Ice/Necr       #.........   100%        6


Dungeon Overview and Level Annotations

Branches:
Dungeon (12/15) Temple (0/1) D:6 Lair (0/6) D:8 D:9 Orc (0/2) D:9 Ossuary (visited) IceCv (visited)

Altars:
Ashenzari
Cheibriados
Dithmenos
Elyvilon
Fedhas
Kikubaaqudgha
Nemelex Xobeh
Qazlal
Sif Muna
Trog
Vehumet
Wu Jian
Zin

Shops:
D:5 [   D:6 *   D:7 !   D:9 *


Message History

You block the four-headed hydra's attack.
The four-headed hydra bites you but does no damage.
You impale the four-headed hydra!!
You kill the four-headed hydra!
Beogh accepts your kill.
Your Armour skill increases to level 8!
Your orc knight looks more experienced.
You block the manticore's attack. x3
The howler monkey hoots and howls with incredible vigour!
You hear a howl!
You hear a shout! x2
L - a +0 broad axe (weapon)
Your orc knight barely misses the manticore.
The manticore bites you!
* * * LOW HITPOINT WARNING * * *
You block the manticore's attack. The manticore claws you!
* * * LOW HITPOINT WARNING * * *
Unknown command.
You feel better. You block the howler monkey's attack.
The manticore bites you!!
You die...

#.# *,,* *,*
#############.#######***,,* *,*
.....................,,,,,*****,+
..............†......,,≈,≈≈,,,*,*
...................[.,≈≈≈≈≈≈≈,,,,
.........<...#######.,≈≈≈≈≈≈≈≈,,,
.............# *,,≈≈≈≈≈≈≈,,,,
.............#######.≈P≈**≈*≈,,,,
..............†o@h...≈≈≈≈**≈≈≈≈,,
#################H##≈≈≈♣*≈***≈≈*,
*..#≈≈*≈≈≈≈≈*≈≈≈,
**#.≈≈*≈≈,,≈≈*≈≈≈,
*,,.≈≈≈≈≈*,≈≈≈≈≈≈,
*,*P.≈≈P.***,≈≈≈≈, *,*≈P♣≈P#*
**≈≈≈≈, *,≈,P≈PP# *,≈*,*
*,,≈≈≈≈≈* *≈≈≈≈*


You could see a manticore, a howler monkey (catching breath) and a friendly orc
knight.

Vanquished Creatures
  A frost giant (IceCv)
  A hydra (D:12)
  2 two-headed ogres
  An ice statue (IceCv)
  A centaur skeleton (D:11)
  2 trolls
  17 polar bears (IceCv)
  A hornet (D:8)
  Sigmund (D:3)
  A wyvern (D:12)
  2 wraiths (Ossuary)
  25 yaks
  A steam dragon (D:8)
  2 black bears
  3 ice beasts
  3 orc warriors
  2 phantoms
  2 ogres
  13 wolves (IceCv)
  8 centaurs
  2 big kobolds (D:9)
  7 bullfrogs
  3 wyvern zombies
  3 scorpions
  13 killer bees
  10 wights
  A crimson imp (D:11)
  3 centaur zombies
  2 quasits
  A bullfrog zombie (D:5)
  4 hounds
  2 gnoll shamans
  5 bullfrog skeletons
  2 orc priests
  3 orc wizards
  Jessica (D:3)
  Natasha (thrice) (D:3)
  3 iguanas
  6 worker ants
  A hound skeleton (D:10)
  A hound zombie (D:7)
  2 worker ant zombies
  A howler monkey zombie (D:6)
  A howler monkey skeleton (D:7)
  12 gnolls
  10 adders
  2 river rats (D:4)
  A shadow imp (D:2)
  5 white imps
  An ooze (D:2)
  An ufetubus (D:10)
  2 adder zombies
  3 adder skeletons
  7 worms
  3 dart slugs
  4 leopard geckos
  17 orcs
  3 ball pythons
  10 bats
  3 giant cockroaches
  10 goblins
  7 hobgoblins
  12 jackals
  24 kobolds
  2 quokkas
  4 ball python skeletons
  6 frilled lizards
  2 hobgoblin skeletons (Ossuary)
  A hobgoblin zombie (Ossuary)
  A kobold zombie (Ossuary)
  A leopard gecko zombie (D:7)
  An orc skeleton (Ossuary)
  A quokka skeleton (D:7)
  13 rats
338 creatures vanquished.

Vanquished Creatures (collateral kills)
  A boulder beetle (D:12)
  A manticore (D:10)
  A freezing wraith (D:10)
  A hornet (D:10)
  3 yaks (D:10)
  2 wraiths
  A soldier ant (D:10)
  A sky beast (D:10)
  An orc warrior (D:11)
  A phantom (D:10)
  An ogre (D:12)
  A centaur (D:10)
  A bullfrog (D:11)
  2 killer bees (D:12)
  An orc priest (D:10)
  A hound (D:10)
  A bullfrog skeleton (D:12)
  2 worker ants (D:10)
  An orc (D:10)
  2 jackals (D:10)
26 creatures vanquished.

Vanquished Creatures (others)
  A yak (IceCv)
  A wolf (IceCv)
  2 orcs
  A hobgoblin (D:2)
  A kobold (D:2)
  A frilled lizard (D:2)
  25 plants (D:12)
32 creatures vanquished.

Grand Total: 396 creatures vanquished

Notes
Turn   | Place    | Note
-------+----------+-------------------------------------------
     0 | D:1      | strifetoe the Hill Orc Fighter began the quest for the Orb.
     0 | D:1      | Reached XP level 1. HP: 19/19 MP: 1/1
   175 | D:1      | Reached XP level 2. HP: 25/26 MP: 2/2
   372 | D:2      | Found a radiant altar of Vehumet.
   382 | D:2      | Reached XP level 3. HP: 31/31 MP: 3/3
   616 | D:4      | Reached skill level 5 in Axes
   656 | D:4      | Noticed a scorpion
   670 | D:4      | Killed a scorpion
   670 | D:4      | Reached XP level 4. HP: 25/39 MP: 4/4
   699 | D:4      | Reached XP level 5. HP: 30/45 MP: 5/5
   878 | D:4      | Reached XP level 6. HP: 51/51 MP: 6/6
   978 | D:5      | Entered Level 5 of the Dungeon
  1259 | D:6      | Found a stormy altar of Qazlal.
  1260 | D:6      | Found a shimmering blue altar of Sif Muna.
  1275 | D:6      | Found a glowing silver altar of Zin.
  1275 | D:6      | Found a shadowy altar of Dithmenos.
  1277 | D:6      | Found a blossoming altar of Fedhas.
  1278 | D:6      | Found a snail-covered altar of Cheibriados.
  1580 | D:6      | Noticed an orc warrior
  1581 | D:6      | Found a staircase to the Ecumenical Temple.
  1593 | D:6      | Killed an orc warrior
  1593 | D:6      | Reached XP level 7. HP: 39/57 MP: 7/7
  1854 | D:6      | Reached skill level 10 in Axes
  1960 | D:6      | Found Aletrad's General Store.
  1961 | D:6      | Became a worshipper of Beogh the Brigand
  2320 | D:4      | Reached skill level 1 in Invocations
  2321 | D:4      | Reached XP level 8. HP: 64/64 MP: 8/8
  2686 | D:4      | Reached skill level 2 in Invocations
  3003 | D:1      | Reached * piety under Beogh
  3915 | D:3      | Noticed Natasha
  3921 | D:3      | Killed Natasha
  3921 | D:3      | Reached skill level 3 in Invocations
  3949 | D:3      | Noticed Natasha
  3950 | D:3      | Noticed Sigmund
  3954 | D:3      | Killed Natasha
  3959 | D:3      | Killed Sigmund
  3959 | D:3      | Reached skill level 4 in Invocations
  4039 | D:3      | Reached ** piety under Beogh
  4283 | D:3      | Noticed Natasha
  4289 | D:3      | Killed Natasha
  4412 | D:3      | Found a sparkling altar of Nemelex Xobeh.
  4412 | D:3      | Found an ancient bone altar of Kikubaaqudgha.
  4443 | D:3      | Noticed Jessica
  4444 | D:3      | Killed Jessica
  4604 | D:4      | Reached skill level 5 in Invocations
  5077 | D:5      | Found Raureeph's Antique Armour Shop.
  5080 | D:5      | Bought a heavily runed tower shield for 237 gold pieces
  5090 | D:5      | Identified the cursed +0 tower shield of Udiang {rPois
                  | Int-2 Dex+4 Stlth+} (You bought it in a shop on level 5 of
                  | the Dungeon)
  5345 | D:6      | Bought a scroll of magic mapping for 38 gold pieces
  5345 | D:6      | Bought a scroll of teleportation for 33 gold pieces
  5406 | D:6      | Found a white marble altar of Elyvilon.
  5407 | D:6      | Found a broken altar of Ashenzari.
  5557 | D:6      | Noticed a moth of wrath
  5564 | D:6      | Reached skill level 6 in Invocations
  5565 | D:6      | Found a bloodstained altar of Trog.
  5797 | D:7      | Found Basaus's Distillery.
  5811 | D:6      | Reached XP level 9. HP: 70/70 MP: 13/13
  5831 | D:7      | Reached skill level 7 in Invocations
  5834 | D:7      | Got a clouded brass amulet
  5837 | D:7      | Identified the amulet of Compassion {Regen+ Str+4 Int+2
                  | Dex+3} (You found it on level 7 of the Dungeon)
  5876 | D:7      | Bought a potion of heal wounds for 75 gold pieces
  6831 | D:7      | Found an ornate altar of the Wu Jian Council.
  6838 | D:7      | Reached skill level 5 in Fighting
  7005 | D:7      | Reached skill level 8 in Invocations
  7150 | D:8      | Found a sand-covered staircase.
  7169 | Ossuary  | Entered an ossuary
  7388 | Ossuary  | Reached skill level 9 in Invocations
  7912 | D:5      | Bought a pair of glowing gloves for 187 gold pieces
  7967 | D:9      | Found a staircase to the Lair.
  7974 | D:9      | Reached *** piety under Beogh
  7979 | D:9      | Noticed a hornet
  7988 | D:9      | Noticed a troll
  7994 | D:8      | Paralysed by a hornet for 2 turns
  7998 | D:8      | Reached XP level 10. HP: 54/86 MP: 17/17
  8004 | D:8      | Reached skill level 10 in Invocations
  8148 | D:8      | Identified a scroll of acquirement
  8148 | D:8      | Acquired the ring of Kazaiv {rPois rF- rN+++ Str+4 Stlth+}
  8183 | D:8      | Reached skill level 11 in Invocations
  8270 | D:9      | Found a staircase to the Orcish Mines.
  8306 | D:9      | Reached **** piety under Beogh
  8356 | D:9      | Found Nakubam's General Store.
  8373 | D:9      | Reached skill level 12 in Invocations
  8638 | D:9      | Noticed a two-headed ogre
  8648 | D:9      | Killed a two-headed ogre
  8648 | D:9      | Reached skill level 13 in Invocations
  8888 | D:10     | Entered Level 10 of the Dungeon
  9044 | D:10     | Reached XP level 11. HP: 97/97 MP: 21/21
  9296 | D:10     | Noticed a two-headed ogre
  9305 | D:10     | Killed a two-headed ogre
  9305 | D:10     | Reached skill level 14 in Invocations
  9703 | D:11     | Noticed a manticore
  9720 | D:10     | Killed a manticore
  9794 | D:10     | Gained Gorg as an ally
  9794 | D:10     | Reached skill level 15 in Invocations
 10321 | D:11     | Got a pair of distressingly furry boots
 10342 | D:11     | Identified the cursed +0 pair of boots of Wasted Space {rC+
                  | SInv} (You found it on level 11 of the Dungeon)
 10857 | D:12     | Found a frozen archway.
 10859 | D:12     | Reached skill level 16 in Invocations
 10880 | IceCv    | Entered an ice cave
 10887 | IceCv    | Reached ***** piety under Beogh
 11177 | IceCv    | Reached skill level 17 in Invocations
 11187 | IceCv    | Reached XP level 12. HP: 29/104 MP: 24/24
 11420 | IceCv    | Reached skill level 5 in Armour
 11610 | IceCv    | Noticed a frost giant
 11632 | IceCv    | Killed a frost giant
 11846 | IceCv    | Got an iridescent mace
 11931 | D:12     | Noticed a boulder beetle
 11931 | D:12     | Noticed a four-headed hydra
 11941 | D:12     | Killed a boulder beetle
 11942 | D:12     | Killed a four-headed hydra
 11944 | D:12     | Slain by a manticore

Illustrated notes

Levels and vault maps discovered:
D:1:      sevenhm_arrival_forest_fort_large_1, layout_basic,
          serial_bayou_pond_d, minmay_fountain_box
D:2:      layout_rooms, fiery_altar_vehumet
D:3:      layout_loops_ring, amethyst_overflow_temple_binary, serial_glass,
          glass_columns_a, glass_columns_b, glass_columns_a, glass_columns_a,
          glass_columns_c, glass_columns_c, glass_columns_c, glass_columns_a,
          minmay_misc_feat_ornament, uniq_jessica, uniq_sigmund, uniq_natasha
D:4:      layout_loops_ring, portal_sewer_entry_e,
          chequers_serial_rivers_micro_e, kennysheep_generic_room_15
D:5:      layout_loops_cross, serial_shops, nicolae_shop_behind_doors,
          kennysheep_generic_room_8
D:6:      minmay_spotlight, layout_basic, tgw_trog, grunt_temple_overflow_open,
          minitemple, minmay_temple_entry_glass, serial_shops, shop,
          kennysheep_donut
D:7:      layout_layer_cave, lemuel_round_altar, serial_shops, shop_coins
D:8:      layout_rooms, nicolae_ossuary_entry_false_entrances
D:9:      layout_cross, lair_entry_dummy, serial_shops, shop
D:10:     layout_basic, grunt_decor_clamped, kennysheep_big_empty_room
D:11:     layout_cave_pods, minmay_fire_ice_demons
D:12:     minmay_quarter_circles, layout_long_grid,
          portal_ice_cave_entry_pillars_2, serial_bayou_lagoon_a,
          chequers_serial_rivers_large_b, hangedman_little_slice_of_home

Skill      XL: |  1  2  3  4  5  6  7  8  9 10 11 12 |
---------------+-------------------------------------+-----
Axes           | 3 4 6 8 9 11 12 13 14 | 14.5
Invocations    | 1 6 9 13 17 | 17.4
Fighting       | 7 9 |  9.0
Armour         | 8 |  8.1
Shields        | |  3.2

Action                   |  1- 3 |  4- 6 |  7- 9 | 10-12 || total
-------------------------+-------+-------+-------+-------++-------
Melee: War axe           |    72 |    96 |   548 |   252 ||   968
       Broad axe         |       |       |       |   211 ||   211
       Morningstar       |       |       |       |     5 ||     5
Invok: Convert to Beogh  |       |       |     1 |       ||     1
       Smiting           |       |       |       |     3 ||     3
       Recall Orcish Fol |       |       |       |     1 ||     1
Evoke: Wand              |       |       |       |    11 ||    11
  Use: Potion            |     1 |     1 |     3 |     2 ||     7
       Scroll            |       |       |    12 |     9 ||    21
 Stab: Distracted        |       |       |       |     2 ||     2
Armor: Scale mail        |    45 |    30 |     1 |       ||    76
       Chain mail        |       |       |   149 |   317 ||   466
       Skin              |       |       |     3 |       ||     3
Dodge: Dodged            |    33 |    44 |   176 |   216 ||   469
Block: Kite shield       |    50 |    52 |   109 |       ||   211
       Tower shield      |       |       |   218 |   598 ||   816

Table legend: (Time is in decaauts)
 A = Elapsed time spent in this place.
 B = Non-inter-level travel time spent in this place.
 C = Inter-level travel time spent in this place.
 D = Time resting spent in this place.
 E = Time spent auto-exploring this place.
 F = Levels seen in this place.
 G = Mean time per level.
                   A        B        C        D        E       F      G
               +--------+--------+--------+--------+--------+-----+--------+
         Total |  12081 |  11613 |    468 |   1414 |   6838 |  14 |  862.9 |
       Dungeon |  10766 |  10298 |    468 |    982 |   6677 |  12 |  897.2 |
       Ossuary |    287 |    287 |      0 |      0 |    161 |   1 |  287.0 |
      Ice Cave |   1028 |   1028 |      0 |    432 |      0 |   1 | 1028.0 |
               +--------+--------+--------+--------+--------+-----+--------+

Top non-repeatable levels by time:
     D:6: 1555 daAuts
     D:7: 1329 daAuts
     D:4: 1282 daAuts
    D:11: 1124 daAuts
   IceCv: 1028 daAuts
     D:3: 920 daAuts
     D:1: 874 daAuts
    D:10: 839 daAuts
     D:8: 761 daAuts
     D:9: 683 daAuts
     D:5: 661 daAuts
     D:2: 615 daAuts
 Ossuary: 287 daAuts
    D:12: 117 daAuts
